 Dungeon Crawl Stone Soup version 0.29.1-2-gbd0b4ee654 (webtiles) character file.

Game seed: 7758611031193038161

48 Avanven the Cudgeller (level 3, -7/40 HPs)
             Began as a Demonspawn Gladiator on Nov 7, 2022.
             Mangled by a gnoll
             ... wielding a +0 halberd
              (11 damage)
             ... on level 2 of the Dungeon.
             The game lasted 00:02:14 (1073 turns).

Avanven the Cudgeller (Demonspawn Gladiator)        Turns: 1073, Time: 00:02:15

Health: -7/40      AC:  6    Str: 16    XL:     3   Next: 50%
Magic:  3/3        EV: 12    Int:  9    God:
Gold:   82         SH:  0    Dex: 14    Spells: 2/2 levels left

rFire   . . .      SeeInvis .   a - +1 flail
rCold   . . .      Faith    .   (no shield)
rNeg    . . .      Spirit   .   b - +0 leather armour
rPois   .          Reflect  .   c - +0 helmet
rElec   .          Harm     .   (no cloak)
rCorr   .          Rampage  .   (no gloves)
Will    .....                   (no boots)
Stlth   ..........              (no amulet)
HPRegen 0.13/turn               (no ring)
MPRegen 0.08/turn               (no ring)

@: berserking (expiring), very quick
A: icy blue scales 1, demonic touch 1
a: no special abilities


You were on level 2 of the Dungeon.
You visited 1 branch of the dungeon, and saw 2 of its levels.

You collected 82 gold pieces.

Inventory:

Hand Weapons
 a - a +1 flail (weapon)
Missiles
 d - 3 throwing nets (quivered)
 e - a javelin
Armour
 b - a +0 leather armour (worn)
 c - a +0 helmet (worn)
Jewellery
 n - a ring of flight
Scrolls
 g - a scroll of fear
 i - a scroll of amnesia
Potions
 f - a potion of berserk rage
 h - 6 potions of curing
 j - a potion of ambrosia {unknown}
 k - 3 potions of might {unknown}
 l - a potion of brilliance {unknown}
 m - a potion of haste {unknown}


   Skills:
 - Level 2.0 Fighting
 * Level 4.1 Maces & Flails
 - Level 1.7 Throwing
 - Level 2.6 Dodging


You had 2 spell levels left.
You didn't know any spells.
Your spell library contained the following spells:

 Spells                   Type           Power      Damage    Failure   Level
 Apportation              Tloc           0%         N/A       45%         1
 Necrotise                Necr           0%         1d4       45%         1
 Slow                     Hex            0%         N/A       45%         1
 Summon Small Mammal      Summ           0%         N/A       45%         1
 Confusing Touch          Hex            0%         N/A       83%         3
 Vampiric Draining        Necr           0%         2d6       83%         3


Dungeon Overview and Level Annotations

Branches:
Dungeon (2/15)

Altars:


Innate Abilities, Weirdness & Mutations

You are partially covered in icy blue scales. (AC +2)
Your touch may inflict minor irresistible damage on your foes.


Message History

Found a scroll of identify.
The gnoll shouts!
You hear a shout! x2
A gnoll is nearby!
A gnoll is nearby! 2 gnolls come into view.
The gnoll shouts! x2
The gnoll hits you with a +0 flail.
You barely miss the gnoll. The gnoll misses you.
You hit the gnoll but do no damage. The gnoll closely misses you.
You closely miss the gnoll. The gnoll hits you with a +0 flail!
You hit the gnoll. Your touch misses the gnoll.
The gnoll is moderately wounded.
The gnoll closely misses you.
Unknown command.
The gnoll attacks as you move away! The gnoll hits you with a +0 flail!
* * * LOW HITPOINT WARNING * * *
Sorry, you're not good enough to have a special ability.
A red film seems to cover your vision as you go berserk!
You feel yourself moving faster!
You feel mighty! The gnoll hits you with a +0 flail.
* * * LOW HITPOINT WARNING * * *
You thump the gnoll!
The gnoll is severely wounded.
The gnoll misses you.
You bludgeon the gnoll!!
You kill the gnoll!
The gnoll hits you from afar with a +0 halberd.
* * * LOW HITPOINT WARNING * * *
The gnoll closely misses you.
Things that are here:
a +0 flail; a gnoll corpse You barely miss the gnoll.
The gnoll is moderately wounded.
The gnoll hits you from afar with a +0 halberd.
* * * LOW HITPOINT WARNING * * *
The gnoll misses you.
You barely miss the gnoll.
You touch the gnoll.
The gnoll is severely wounded.
The gnoll hits you from afar with a +0 halberd!
You die...

#####.##........... ## #.# #.
............###........####.# #.
............................# #)
........#####...............# #.
.....##.....#...............####.
.....######.#...... .....[.......
###### #.#....# ##..........#
#.####### #..........# #.....@g#
############ #######.# #g#
.....g..# .....?### ...... .....
#...# ####


You could see 2 gnolls.

Vanquished Creatures
  An adder (D:2)
  A gnoll (D:2)
  A worm (D:2)
  2 bats
  2 endoplasms (D:1)
  A giant cockroach (D:1)
  4 goblins
  2 hobgoblins
  2 jackals (D:1)
  3 kobolds
  2 ball pythons (D:2)
  A frilled lizard (D:1)
  3 rats
25 creatures vanquished.

Notes
Turn   | Place    | Note
-------+----------+-------------------------------------------
     0 | D:1      | Avanven the Demonspawn Gladiator began the quest for the
                  | Orb.
     0 | D:1      | Reached XP level 1. HP: 16/16 MP: 1/1
   105 | D:1      | Reached skill level 3 in Maces & Flails
   295 | D:1      | Gained mutation: Your touch may inflict minor irresistible
                  | damage on your foes. [demonic ancestry]
   295 | D:1      | Reached XP level 2. HP: 21/22 MP: 2/2
   320 | D:1      | Found a faded altar of an unknown god.
   981 | D:2      | Reached skill level 4 in Maces & Flails
   981 | D:2      | Gained mutation: You are partially covered in icy blue
                  | scales. (AC +2) [demonic ancestry]
   981 | D:2      | Reached XP level 3. HP: 26/27 MP: 3/3
  1073 | D:2      | Mangled by a gnoll

Illustrated notes

Levels and vault maps discovered:
D:1:      dpeg_arrival_oval, layout_loops_ring,
          hellmonk_ecumenical_altar_lost_god
D:2:      layout_rooms, serial_co_window_serial, co_window_corner_a,
          co_window_corner_a, co_window_corner_a, co_window_corner_a,
          co_window_paths_a, co_window_broadway_c, co_window_unsneaky_path_c,
          co_window_unsneaky_path_a, co_window_unsneaky_path_b,
          co_window_4corner_b, glass_columns_b, glass_columns_b,
          glass_columns_b, minmay_misc_feat_x

Skill      XL: |  1  2 |
---------------+-------+-----
Maces & Flails | 3 4 |  4.1
Fighting       | |  2.0
Throwing       | |  1.7
Dodging        | |  2.6

Action                   || total
-------------------------++-------
Melee: Flail             ||    62
       Touch             ||     8
  Use: Scroll            ||     6
       Potion            ||     1
 Stab: Sleeping          ||     1
       Distracted        ||     1
Armor: Leather armour    ||    16
Dodge: Dodged            ||    43
